 Dungeon Crawl Stone Soup version 0.22.0-6-g71bd7aa6b3 (webtiles) character file.

609 Kirk the Chopper (level 7, 44/54 HPs)
             Began as a Demonspawn Fighter on Aug 15, 2018.
             Quit the game in a sewer.
             The game lasted 00:07:40 (3050 turns).

Kirk the Chopper (Demonspawn Fighter)               Turns: 3050, Time: 00:07:41

Health: 44/54      AC: 11    Str: 19    XL:     7   Next: 19%
Magic:  7/7        EV: 14    Int:  9    God:
Gold:   271        SH:  0    Dex: 17    Spells: 6/6 levels left

rFire    . . .     SeeInvis .   a - +0 war axe
rCold    + . .     Gourm    .   (no shield)
rNeg     . . .     Faith    +   b - +0 scale mail
rPois    .         Spirit   .   (no helmet)
rElec    .         Reflect  .   (no cloak)
rCorr    .         Harm     .   (no gloves)
MR       .....     Rnd*Rage +   h - +1 pair of boots Stlth +.........Rnd*Tele +
                                q - amulet of faith
HPRegen  0.18/turn              i - ring of teleportation (curse)
MPRegen  0.10/turn              (no ring)

@: agile
A: talons 1, slimy green scales 1, berserk 2, cold resistance 1, mutation
resistance 1
a: no special abilities


You were in a sewer.
You were not hungry.

You visited 1 branch of the dungeon, and saw 4 of its levels.
You also visited: Sewer.

You collected 271 gold pieces.

Inventory:

Hand Weapons
 a - a +0 war axe (weapon)
Armour
 b - a +0 scale mail (worn)
 c - a +0 shield
 h - a +1 pair of boots (worn)
Jewellery
 i - a cursed ring of teleportation (left hand)
 q - an amulet of faith (around neck)
Wands
 p - a wand of iceblast (3)
 r - a wand of digging (9)
Scrolls
 e - 5 scrolls of identify
 g - a scroll of teleportation
 j - a scroll of remove curse
 k - a scroll of blinking
 o - a scroll of fear
Potions
 l - 4 potions of lignification
 m - 2 potions of curing {unknown}
 n - a potion of agility
Comestibles
 d - 2 chunks of flesh
 f - 6 rations


   Skills:
 + Level 4.1 Fighting
 * Level 6.2 Axes
 + Level 3.7 Armour
 + Level 2.8 Shields


You had 6 spell levels left.
You didn't know any spells.
Your spell library contained the following spells:

 Spells                   Type           Power        Failure   Level  Hunger
 Magic Dart               Conj           #...         75%         1    ##.....
 Conjure Flame            Conj/Fire      #.......     98%         3    ####...
 Slow                     Hex            #.......     87%         2    ###....
 Mephitic Cloud           Conj/Pois/Air  #.......     98%         3    ####...
 Blink                    Tloc           N/A          87%         2    ###....
 Call Imp                 Summ           #.......     87%         2    ###....


Dungeon Overview and Level Annotations

Branches:
Dungeon (4/15)
 Temple: D:4-7

Altars:
Cheibriados
Dithmenos
Makhleb
Qazlal
Trog
Uskayaw
Xom
Yredelemnul

Annotations:
D:4 2 transporters, Esekla's ghost, weakling FoCj


Innate Abilities, Weirdness & Mutations

You have sharp toenails.
You are partially covered in slimy green scales. (AC +2)
Your flesh is cold resistant. (rC+)
You often lose your temper in combat.
You are somewhat resistant to further mutation.


Message History

Purgy bites you. Purgy misses you. Purgy claws you but does no damage.
You barely miss Purgy.
Purgy is heavily wounded.
Purgy misses you. Purgy closely misses you. x2
You slash Purgy!
Purgy is severely wounded.
Purgy barely misses you. Purgy closely misses you.
Purgy claws you but does no damage. Purgy closely misses you.
Purgy barely misses you. Purgy misses you.
You slash Purgy!
You kill Purgy!
The troll leather armour {Purgy} is intact enough to wear.
Your Axes skill increases to level 6!
You have reached level 7!
Your demonic ancestry asserts itself...
You feel resistant to cold.
There is an open door, spattered with blood here.
Things that are here:
a +0 troll leather armour {Purgy}; the troll corpse of Purgy Are you sure you want to abandon this character and quit the game? (Confirm with "yes".)

####.≈≈≈.####
####.≈≈≈.#
#..†.≈≈≈.+
####.≈≈≈.#
####.≈≈≈.#
#..'.≈≈≈.+
####.≈≈≈.#
####.≈≈≈.#
#..@.≈≈≈.+
##########
≈≈≈# ≈≈≈#
≈≈≈# ≈≈≈#
≈≈≈#


There were no monsters in sight!

Vanquished Creatures
  Purgy (Sewer)
  An ogre (D:4)
  2 scorpions
  Dowan (D:4)
  9 gnolls
  9 adders
  An ooze (D:2)
  An adder skeleton (D:3)
  A worm (D:3)
  7 dart slugs
  2 leopard geckos
  8 bats
  8 giant cockroaches
  11 hobgoblins
  6 jackals
  7 kobolds
  10 frilled lizards
  7 goblins
  A quokka skeleton (D:4)
  12 rats
  A toadstool (D:1)
106 creatures vanquished.

Vanquished Creatures (others)
  6 toadstools (D:1)
6 creatures vanquished.

Grand Total: 112 creatures vanquished

Notes
Turn   | Place    | Note
-------+----------+-------------------------------------------
     0 | D:1      | Kirk the Demonspawn Fighter began the quest for the Orb.
     0 | D:1      | Reached XP level 1. HP: 18/18 MP: 1/1
   175 | D:1      | Reached skill level 2 in Axes
   190 | D:1      | Gained mutation: You have sharp toenails. [demonic ancestry]
   190 | D:1      | Reached XP level 2. HP: 18/24 MP: 2/2
   560 | D:1      | Gained mutation: You are partially covered in slimy green scales. (AC +2) [demonic ancestry]
   560 | D:1      | Reached XP level 3. HP: 3/29 MP: 3/3
  1036 | D:2      | Noticed a scorpion
  1046 | D:2      | Killed a scorpion
  1046 | D:2      | Reached skill level 3 in Axes
  1046 | D:2      | Reached XP level 4. HP: 25/35 MP: 4/4
  1101 | D:2      | You fall through a shaft!
  1299 | D:2      | Found a shimmering altar of Xom.
  1299 | D:2      | Found a shadowy altar of Dithmenos.
  1299 | D:2      | Found a bloodstained altar of Trog.
  1300 | D:2      | Found a hide-covered altar of Uskayaw.
  1302 | D:2      | Found a basalt altar of Yredelemnul.
  1302 | D:2      | Found a stormy altar of Qazlal.
  1303 | D:2      | Found a burning altar of Makhleb.
  1335 | D:2      | Reached XP level 5. HP: 28/41 MP: 5/5
  1336 | D:2      | Reached skill level 4 in Axes
  1777 | D:3      | Gained mutation: You tend to lose your temper in combat. [potion of mutation]
  1777 | D:3      | Gained mutation: You often lose your temper in combat. [potion of mutation]
  1777 | D:3      | Gained mutation: You are somewhat resistant to further mutation. [potion of mutation]
  1849 | D:3      | Found a snail-covered altar of Cheibriados.
  2226 | D:3      | Reached XP level 6. HP: 36/48 MP: 6/6
  2265 | D:3      | Reached skill level 5 in Axes
  2678 | D:4      | Found a transporter.
  2802 | D:4      | Noticed Dowan
  2826 | D:4      | Found a transporter.
  2830 | D:4      | Noticed Esekla's ghost (weakling FoCj)
  2841 | D:4      | Killed Dowan
  2970 | D:4      | Found a glowing drain.
  2974 | Sewer    | Entered a sewer
  3041 | Sewer    | Noticed Purgy
  3048 | Sewer    | Killed Purgy
  3048 | Sewer    | Reached skill level 6 in Axes
  3048 | Sewer    | Gained mutation: Your flesh is cold resistant. (rC+) [demonic ancestry]
  3048 | Sewer    | Reached XP level 7. HP: 43/54 MP: 7/7
  3050 | Sewer    | Quit the game

Skill      XL: |  1  2  3  4  5  6 |
---------------+-------------------+-----
Axes           | 2 3 4 6 |  6.2
Armour         | 3 |  3.7
Fighting       | 4 |  4.1
Shields        | |  2.8

Action                   |  1- 3 |  4- 6 |  7- 9 || total
-------------------------+-------+-------+-------++-------
Melee: War axe           |    80 |   262 |       ||   342
Evoke: Wand              |       |     3 |       ||     3
  Use: Potion            |     2 |     4 |       ||     6
       Scroll            |       |     9 |       ||     9
  Eat: Chunk             |       |     8 |       ||     8
Armor: Scale mail        |    51 |   175 |       ||   226
Dodge: Dodged            |    60 |   148 |       ||   208
